 Dungeon Crawl Stone Soup version 0.30-a0-368-g86fb4627a9 (webtiles) character file.

Game seed: 14036585759778721001

3724 kiwi3s the Severer (level 9, 0/70 HPs)
             Began as a Minotaur Berserker on Nov 18, 2022.
             Was an Elder of Trog.
             Slain by a vampire mosquito (5 damage)
             ... on level 7 of the Dungeon.
             The game lasted 00:08:00 (6567 turns).

kiwi3s the Severer (Minotaur Berserker)             Turns: 6567, Time: 00:08:00

Health: 0/70       AC:  8    Str: 24    XL:     9   Next: 92%
Magic:  8/8        EV: 10    Int:  4    God:    Trog [****..]
Gold:   354        SH:  0    Dex: 12    Spells: 8/8 levels left

rFire   . . .      SeeInvis .    v - +0 hand axe (vorpal)
rCold   . . .      Faith    .    (no shield)
rNeg    . . .      Spirit   .    k - +0 chain mail
rPois   .          Reflect  .    (helmet restricted)
rElec   .          Harm     .    (no cloak)
rCorr   .          Rampage  .    (no gloves)
Will    .....                    (no boots)
Stlth   ..........               (no amulet)
HPRegen 0.31/turn                (no ring)
MPRegen 0.11/turn                (no ring)

@: on berserk cooldown, slowed, studying Short Blades, very slow
A: horns 2, retaliatory headbutt
a: Renounce Religion, Berserk, Trog's Hand, Brothers in Arms


You were on level 7 of the Dungeon.
You worshipped Trog.
Trog was greatly pleased with you.
You visited 1 branch of the dungeon, and saw 7 of its levels.
You also visited: Sewer and Ossuary.

You collected 354 gold pieces.

Inventory:

Hand Weapons
 a - a +0 hand axe
 v - a +0 vorpal hand axe (weapon)
Armour
 b - a +0 animal skin
 k - a +0 chain mail (worn)
Jewellery
 i - an amulet of regeneration
 w - an amulet of faith
Wands
 s - a wand of paralysis (6)
 D - a wand of mindburst (26)
 I - a wand of flame (15)
 J - a wand of digging (5)
Scrolls
 d - 2 scrolls of blinking {unknown}
 e - a scroll of amnesia {unknown}
 f - a scroll of poison {unknown}
 g - 3 scrolls of enchant weapon {unknown}
 h - 7 scrolls of teleportation {unknown}
 l - 6 scrolls of fear {unknown}
 m - 4 scrolls of identify {unknown}
 r - 3 scrolls of enchant armour {unknown}
 t - 2 scrolls of vulnerability {unknown}
 x - 2 scrolls of magic mapping {unknown}
 y - 5 scrolls of butterflies {unknown}
 E - 2 scrolls of noise {unknown}
 F - a scroll of summoning {unknown}
 G - 2 scrolls of brand weapon {unknown}
Potions
 c - 2 potions of attraction {unknown}
 j - 4 potions of brilliance {unknown}
 n - 6 potions of curing
 o - 3 potions of might {unknown}
 p - 6 potions of heal wounds {unknown}
 q - a potion of degeneration {unknown}
 u - 4 potions of lignification
 z - 2 potions of haste {unknown}
 A - 3 potions of invisibility {unknown}
 B - 3 potions of ambrosia {unknown}
 C - a potion of cancellation {unknown}
 H - 2 potions of mutation {unknown}
 K - a potion of resistance {unknown}
 L - a potion of berserk rage {unknown}


   Skills:
 - Level 3.6 Fighting
 - Level 15.2 Axes
 - Level 2.4 Armour
 + Level 7.4 Dodging


You had 8 spell levels left.
You didn't know any spells.
Your spell library was empty.

Dungeon Overview and Level Annotations

Branches:
Dungeon (7/15)             Temple (0/1) D:6           Sewer (visited)
Ossuary (visited)

Altars:
Dithmenos
Elyvilon
Gozag
Kikubaaqudgha
Makhleb
Nemelex Xobeh
Trog
Vehumet

Shops:
D:4 (   D:7 [


Innate Abilities, Weirdness & Mutations

You have a pair of horns on your head.
You reflexively headbutt those who attack you in melee.


Message History

You kill the orc!
Trog accepts your kill. The hound closely misses you. You furiously retaliate!
You headbutt the hound!
You kill the hound!
Trog accepts your kill.
You can now call in reinforcements.
You start resting.
You feel sick.
You are no longer poisoned.
You start resting.
You feel a strong urge to attack something.
A sky beast comes into view.
An orc comes into view. It is wielding a +0 short sword.
There are monsters nearby!
There are monsters nearby!
The orc shouts!
You feel your anger nearly subside.
You are no longer berserk.
You are exhausted.
You feel yourself slow down.
The sky beast flickers out of sight!
Deactivating autopickup; reactivate with Ctrl-A.
You open the door.
A vampire mosquito, a vampire and a basilisk come into view.
The basilisk hisses angrily.
A sky beast appears from thin air!
Reactivating autopickup.
The sky beast hits you.
* * * LOW HITPOINT WARNING * * *
The sky beast shocks you.
* * * LOW HITPOINT WARNING * * *
Found a leather armour.
Okay, then.
It was a potion of curing.
You feel better. The vampire mosquito bites you.
* * * LOW HITPOINT WARNING * * *
The vampire mosquito draws strength from your injuries!
The sky beast hits you.
* * * LOW HITPOINT WARNING * * *
The sky beast shocks you.
* * * LOW HITPOINT WARNING * * *
The vampire mosquito bites you.
You die...

#.# #.......# #.#
#.......# #.#####
.........#
#####.....####.#.......#
#.......................
#.#######.....#.. ##
#P... #.#.#..###. .
#.###.#.#.#.##..##.#.
+[#.y@Yo#.# .?)#...
#.###l#.#ยง..##.##$o
#P..V #.#.#.#..#.# ####
#.#{#.....# ...#.#...##
##.[#.#..# #...#)#[#
####.# ## #Y


You could see a basilisk, a vampire, a vampire mosquito, a sky beast and an orc.

Vanquished Creatures
  Pikel (D:5)
  A troll (D:5)
  A wyvern (D:5)
  Eustachio (D:6)
  The ghost of pigah the Changer, an amateur OpWn (D:3)
  Edmund (D:6)
  3 water moccasins
  3 ice beasts
  A black bear (D:4)
  2 sky beasts
  A centaur (D:6)
  3 ogres
  4 lemures (D:5)
  Blork the orc (D:6)
  3 scorpions
  A necrophage (D:5)
  2 howler monkeys
  4 centaur zombies (Ossuary)
  3 jellies
  3 orc priests
  3 hounds
  Jessica (D:3)
  5 iguanas
  3 orc wizards
  6 mummies
  12 adders
  A shadow imp (D:5)
  7 white imps
  An ufetubus (D:5)
  A worm (D:4)
  A dart slug (D:3)
  18 orcs
  10 endoplasms
  4 giant cockroaches
  3 goblins
  4 hobgoblins
  4 jackals (D:1)
  5 kobolds
  3 quokkas
  7 ball pythons
  8 bats
  7 frilled lizards
  3 hobgoblin zombies (Ossuary)
  13 rats
170 creatures vanquished.

Vanquished Creatures (others)
  3 demonic plants (D:5)
  2 fungi (D:2)
  2 plants (D:2)
7 creatures vanquished.

Grand Total: 177 creatures vanquished

Notes
Turn   | Place    | Note
-------+----------+-------------------------------------------
     0 | D:1      | kiwi3s the Minotaur Berserker began the quest for the Orb.
     0 | D:1      | Reached XP level 1. HP: 19/19 MP: 0/0
   300 | D:1      | Reached skill level 4 in Axes
   336 | D:1      | Reached XP level 2. HP: 25/26 MP: 1/1
  1091 | D:2      | Reached skill level 5 in Axes
  1128 | D:2      | Found a faded altar of an unknown god.
  1227 | D:2      | Reached XP level 3. HP: 19/31 MP: 2/2
  1307 | D:2      | Identified the +7 rapier "Aclobanu" {pain, Will+ rCorr
                  | Str+5}
  1709 | D:3      | You fall into a shaft and drop 3 floors!
  1716 | D:6      | Noticed an ice beast
  1726 | D:6      | Killed an ice beast
  1727 | D:6      | Reached skill level 7 in Axes
  1727 | D:6      | Reached XP level 4. HP: 36/39 MP: 3/3
  1727 | D:6      | Reached XP level 5. HP: 42/45 MP: 4/4
  1802 | D:6      | Noticed a sky beast
  1817 | D:6      | Killed a sky beast
  1818 | D:6      | Reached skill level 8 in Axes
  1874 | D:6      | Noticed an ogre
  1879 | D:6      | Killed an ogre
  1880 | D:6      | Reached XP level 6. HP: 51/51 MP: 5/5
  1954 | D:6      | Found a staircase to the Ecumenical Temple.
  2068 | D:6      | Noticed Eustachio
  2084 | D:6      | Killed Eustachio
  2085 | D:6      | Reached skill level 9 in Axes
  2246 | D:6      | Noticed Blork the orc
  2255 | D:6      | Killed Blork the orc
  2256 | D:6      | Reached XP level 7. HP: 57/57 MP: 6/6
  2341 | D:6      | Reached skill level 10 in Axes
  2401 | D:6      | Noticed Edmund
  2416 | D:6      | Killed Edmund
  2420 | D:6      | Reached skill level 11 in Axes
  2890 | D:5      | Entered Level 5 of the Dungeon
  2908 | D:5      | Reached ** piety under Trog
  2909 | D:5      | Reached XP level 8. HP: 54/64 MP: 7/7
  3043 | D:5      | Found a sand-covered staircase.
  3049 | D:5      | Reached skill level 12 in Axes
  3053 | Ossuary  | Entered an ossuary
  3294 | D:5      | Reached skill level 13 in Axes
  3486 | D:5      | Noticed Pikel
  3505 | D:5      | Killed Pikel
  3506 | D:5      | Reached skill level 14 in Axes
  3506 | D:5      | Reached XP level 9. HP: 63/70 MP: 8/8
  3703 | D:5      | Noticed a troll
  3717 | D:5      | Killed a troll
  3718 | D:5      | Reached skill level 15 in Axes
  3723 | D:5      | HP: 2/70 [orc wizard/magic dart (4)]
  3989 | D:5      | Found a radiant altar of Vehumet.
  3993 | D:5      | Found a bloodstained altar of Trog.
  4000 | D:5      | Found a white marble altar of Elyvilon.
  4005 | D:5      | Found a shadowy altar of Dithmenos.
  4012 | D:5      | Found a burning altar of Makhleb.
  4018 | D:5      | Found a sparkling altar of Nemelex Xobeh.
  4029 | D:5      | Found an ancient bone altar of Kikubaaqudgha.
  4275 | D:4      | Found a glowing drain.
  4312 | Sewer    | Entered a sewer
  4373 | Sewer    | Reached *** piety under Trog
  4438 | Sewer    | Found a viscous altar of Jiyva.
  5250 | D:4      | Found Ixtil's Weapon Shop.
  5574 | D:3      | Noticed pigah's ghost (amateur OpWn)
  5574 | D:3      | Found a runed translucent door.
  5582 | D:3      | Reached skill level 5 in Dodging
  5585 | D:3      | Noticed Jessica
  5589 | D:3      | Killed Jessica
  5599 | D:3      | Reached **** piety under Trog
  5640 | D:3      | Found a faded altar of an unknown god.
  5906 | D:3      | Found an opulent altar of Gozag.
  5965 | D:3      | Killed pigah's ghost
  6359 | D:7      | Found Iluyt's Armour Shoppe.
  6567 | D:7      | Slain by a vampire mosquito

Illustrated notes

Levels and vault maps discovered:
D:1:      ncdulo_lavacross, layout_basic, kennysheep_boxes
D:2:      layout_basic, shapermc_ecumenical_altar_mp_urbaneastern
D:3:      layout_rooms, nicolae_overflow_ecumenical_swirl,
          hellmonk_ghost_happy_afterlife, minmay_fractal_squares_5, uniq_jessica
D:4:      layout_layer_cave, serial_shops, nicolae_shop_trees,
          cheibrodos_sewer_entry_drain
D:5:      layout_cave_pools, grunt_temple_overflow_octagram, serial_demonic,
          serial_demonic_c, serial_demonic_a, serial_demonic_a,
          serial_demonic_g, gup_ossuary_entry_pyramid, st_stairs_10,
          minmay_manual_monstrance, uniq_pikel
D:6:      minmay_spotlight, layout_cave_pods, minmay_temple_entry_metal_lava,
          uniq_blork_the_orc, uniq_edmund, uniq_eustachio
D:7:      layout_gridville, mainiacjoe_overflow_surrounded_room, serial_shops,
          nicolae_stop_n_shop_2, minmay_shattered_shrine

Skill      XL: |  1  2  3  4  5  6  7  8  9 |
---------------+----------------------------+-----
Axes           | 4 5 7 8 9 11 14 15 | 15.2
Dodging        | 7 |  7.4
Fighting       | |  3.6
Armour         | |  2.4

Action                   |  1- 3 |  4- 6 |  7- 9 || total
-------------------------+-------+-------+-------++-------
Melee: Hand axe          |    71 |    31 |   360 ||   462
       Headbutt          |     8 |     4 |    63 ||    75
       Punch             |       |       |     4 ||     4
Invok: Berserk           |     1 |     3 |     4 ||     8
       Trog's Hand       |       |       |     1 ||     1
  Use: Potion            |       |       |     2 ||     2
Armor: Animal skin       |     2 |       |       ||     2
       Chain mail        |    32 |    14 |   122 ||   168
       Skin              |       |       |     4 ||     4
Dodge: Dodged            |    35 |     8 |   133 ||   176

Table legend: (Time is in decaauts)
 A = Elapsed time spent in this place.
 B = Non-inter-level travel time spent in this place.
 C = Inter-level travel time spent in this place.
 D = Time resting spent in this place.
 E = Time spent auto-exploring this place.
 F = Levels seen in this place.
 G = Mean time per level.
                   A        B        C        D        E       F      G
               +--------+--------+--------+--------+--------+-----+--------+
         Total |   6576 |   6195 |    381 |    700 |   4656 |   9 |  730.7 |
       Dungeon |   6130 |   5749 |    381 |    623 |   4423 |   7 |  875.7 |
         Sewer |    286 |    286 |      0 |      0 |    193 |   1 |  286.0 |
       Ossuary |    159 |    159 |      0 |     77 |     39 |   1 |  159.0 |
               +--------+--------+--------+--------+--------+-----+--------+

Top non-repeatable levels by time:
     D:6: 1397 daAuts
     D:4: 1211 daAuts
     D:1: 1067 daAuts
     D:5: 1027 daAuts
     D:3: 635 daAuts
     D:2: 595 daAuts
   Sewer: 286 daAuts
     D:7: 196 daAuts
 Ossuary: 159 daAuts
